 Dungeon Crawl Stone Soup version 0.23-a0-319-gb40ba49 (webtiles) character file.

985 namelastname112 the Skirmisher (level 7, 32/64 HPs)
             Began as a Purple Draconian Berserker on Oct 14, 2018.
             Was a Priest of Trog.
             Quit the game in a sewer.
             The game lasted 00:06:52 (3731 turns).

namelastname112 the Skirmisher (DrBe)               Turns: 3731, Time: 00:06:53

Health: 32/64      AC:  7    Str: 20    XL:     7   Next: 97%
Magic:  7/7        EV: 16    Int:  9    God:    Trog [***...]
Gold:   114        SH:  3    Dex: 12    Spells: 6/6 levels left

rFire    . . .     SeeInvis .   q - +0 long sword
rCold    . . .     Gourm    .   (no shield)
rNeg     . . .     Faith    .   (armour unavailable)
rPois    .         Spirit   .   (helmet restricted)
rElec    .         Reflect  +   p - +0 cloak
rCorr    .         Harm     .   (no gloves)
MR       +....                  (no boots)
Stlth    +.........             j - +3 amulet of reflection
HPRegen  0.20/turn              i - +2 ring of intelligence
MPRegen  0.10/turn              y - +2 ring of evasion

@: no status effects
A: breathe power, unfitting armour, cold-blooded, AC +6
a: Breathe Dispelling Energy, Berserk, Trog's Hand, Renounce Religion


You were in a sewer.
You worshipped Trog.
Trog was most pleased with you.
You were hungry.

You visited 1 branch of the dungeon, and saw 5 of its levels.
You also visited: Sewer.

You collected 114 gold pieces.

Inventory:

Hand Weapons
 a - a +0 falchion
 q - a +0 long sword (weapon)
Armour
 p - a +0 cloak (worn)
Jewellery
 i - a +2 ring of intelligence (left hand)
 j - a +3 amulet of reflection (around neck)
 y - a +2 ring of evasion (right hand)
Wands
 n - a wand of polymorph (10)
 t - a wand of disintegration (15)
Scrolls
 c - 3 scrolls of teleportation {unknown}
 d - 2 scrolls of identify {unknown}
 e - 2 scrolls of remove curse {unknown}
 k - a scroll of enchant weapon {unknown}
 l - 2 scrolls of immolation {unknown}
 m - 2 scrolls of magic mapping {unknown}
 s - 2 scrolls of noise {unknown}
Potions
 f - a potion of resistance {unknown}
 g - a potion of heal wounds {unknown}
 h - a potion of berserk rage {unknown}
 o - a potion of agility {unknown}
 r - 2 potions of might {unknown}
 u - a potion of lignification {unknown}
 v - a potion of magic {unknown}
 w - a potion of brilliance {unknown}
 x - a potion of ambrosia {unknown}
Comestibles
 b - 5 rations


   Skills:
 + Level 6.6 Fighting
 + Level 6.1 Long Blades
 + Level 5.5 Dodging


You had 6 spell levels left.
You didn't know any spells.
Your spell library was empty.

Dungeon Overview and Level Annotations

Branches:
Dungeon (5/15)
 Temple: D:4-7

Altars:
Cheibriados
Fedhas
Qazlal
Uskayaw

Annotations:
D:2 exclusion: oklob plant


Innate Abilities, Weirdness & Mutations

You can breathe bolts of dispelling energy.
Your rich purple scales are hard. (AC +6)
You cannot fit into any form of body armour.
You are cold-blooded and may be slowed by cold attacks.


Message History

You recover from your berserk rage.
There is a glowing drain here.
The world spins around you as you enter the gateway.
You enter a sewer!
Found a gate leading back out of this place.
There is an empty arch of ancient stone here.
Eating a chunk of flesh.
You eat the chunk of flesh.
This raw flesh tastes terrible.
You are feeling hungry.
You enter the shallow water.
Moving in this stuff is going to be slow.
There is an empty arch of ancient stone here.
A leopard gecko and a giant cockroach come into view.
You regained 2 hp, and now have 32/64 hp.
There are monsters nearby!
There are monsters nearby!
You are too injured to fight recklessly!
You are too injured to fight recklessly!
You are too injured to fight recklessly!
Are you sure you want to abandon this character and quit the game? (Confirm

###
#∩##
#≈≈#
#≈.##
##..#
#.∩#
#..#
##.##
#≈@#
#≈≈#
#.≈#
#..#
#≈≈#
#≈.#
#≈s#
#l≈#


You could see a leopard gecko (sleeping) and a giant cockroach.

Vanquished Creatures
  Grinder (D:4)
  Eustachio (D:4)
  Menkaure (D:4)
  A phantom (D:4)
  A scorpion (D:4)
  A crimson imp (D:2)
  2 orc priests (D:5)
  Crazy Yiuf (D:2)
  Terence (D:2)
  Jessica (D:3)
  An orc wizard (D:3)
  A worker ant (D:4)
  Robin (D:4)
  3 adders
  2 river rats (D:5)
  A shadow imp (D:5)
  An ooze (D:4)
  An adder skeleton (D:4)
  5 dart slugs
  A worm (D:2)
  A leopard gecko (D:1)
  5 orcs
  A ball python (D:5)
  6 giant cockroaches
  18 goblins
  6 hobgoblins
  7 jackals
  2 quokkas
  8 bats
  2 frilled lizards (D:1)
  7 kobolds
  5 rats
96 creatures vanquished.

Notes
Turn   | Place    | Note
-------+----------+-------------------------------------------
     0 | D:1      | namelastname112 the Draconian Berserker began the quest for
                  | the Orb.
     0 | D:1      | Reached XP level 1. HP: 19/19 MP: 1/1
   255 | D:1      | Reached XP level 2. HP: 26/26 MP: 2/2
   642 | D:1      | Reached ** piety under Trog
   752 | D:2      | Found a blossoming altar of Fedhas.
   762 | D:2      | Noticed Terence
   765 | D:2      | Noticed an oklob plant
   778 | D:2      | Killed Terence
   778 | D:2      | Reached XP level 3. HP: 16/33 MP: 3/3
   979 | D:2      | Found a runed door.
  1096 | D:2      | Noticed Crazy Yiuf
  1103 | D:2      | Killed Crazy Yiuf
  1103 | D:2      | Reached XP level 4. HP: 40/40 MP: 4/4
  1371 | D:2      | Reached XP level 5. HP: 40/47 MP: 5/5
  1892 | D:3      | Found a stormy altar of Qazlal.
  2065 | D:3      | Found a snail-covered altar of Cheibriados.
  2144 | D:3      | Noticed Jessica
  2153 | D:3      | Killed Jessica
  2761 | D:4      | Noticed Robin
  2774 | D:4      | Killed Robin
  2774 | D:4      | Reached *** piety under Trog
  2774 | D:4      | Reached skill level 5 in Fighting
  2778 | D:4      | Reached XP level 6. HP: 56/56 MP: 6/6
  2874 | D:4      | Found a hide-covered altar of Uskayaw.
  2939 | D:4      | Noticed Menkaure
  2948 | D:4      | Killed Menkaure
  2988 | D:4      | Reached skill level 5 in Long Blades
  3038 | D:4      | Noticed Eustachio
  3048 | D:4      | Killed Eustachio
  3048 | D:4      | Your scales start taking on a rich purple colour.
  3048 | D:4      | Reached XP level 7. HP: 45/62 MP: 7/7
  3085 | D:4      | Noticed Grinder
  3098 | D:4      | Killed Grinder
  3098 | D:4      | Reached skill level 5 in Dodging
  3631 | D:5      | Entered Level 5 of the Dungeon
  3680 | D:5      | Found a glowing drain.
  3720 | Sewer    | Entered a sewer
  3731 | Sewer    | Quit the game

Vault maps used:
D:1:      eino_arrival_cavern_d
D:2:      first_ration, tgw_fedhas, uniq_terence, uniq_crazy_yiuf_cottage
D:3:      cheibriados_altar_1, grunt_qazlal_sundering, uniq_jessica
D:4:      nicolae_overflow_crystal_walls, uniq_eustachio, uniq_robin,
          uniq_menkaure, uniq_grinder
D:5:      serial_shops, kennysheep_little_box, portal_sewer_entry_c
Sewer:    sewer_frog_island_02

Skill      XL: |  1  2  3  4  5  6  7 |
---------------+----------------------+-----
Dodging        | 3 4 5 |  5.5
Fighting       | 4 5 6 |  6.6
Long Blades    | 4 5 6 |  6.1

Action                   |  1- 3 |  4- 6 |  7- 9 || total
-------------------------+-------+-------+-------++-------
Melee: Falchion          |    53 |     4 |       ||    57
       Tailslap          |     5 |    22 |    11 ||    38
       Long sword        |       |   165 |    44 ||   209
Invok: Berserk           |     2 |     2 |     2 ||     6
       Trog's Hand       |       |       |     1 ||     1
 Stab: Sleeping          |     1 |     1 |       ||     2
  Eat: Chunk             |     1 |     9 |     4 ||    14
Armor: Skin              |    14 |    49 |     6 ||    69
Dodge: Dodged            |    30 |   133 |    46 ||   209
Block: Other             |     7 |    14 |     8 ||    29
       Rpst.: Falchion   |    13 |     1 |       ||    14
       Long sword        |       |    37 |    11 ||    48

Table legend:
 A = Non-vault XP
 B = Vault XP
 C = Vault XP percentage of total XP
 D = Non-vault monster count
 E = Vault monster count
 F = Vault count percentage of total count
                 A         B        C        D         E       F
            +---------+---------+-------+---------+---------+-------
      Total |     578 |     830 |  58.9 |      73 |      23 |  24.0
            +---------+---------+-------+---------+---------+-------
        D:1 |      37 |       0 |   0.0 |      21 |       0 |   0.0
        D:2 |      89 |      78 |  46.7 |      15 |       2 |  11.8
        D:3 |     107 |      37 |  25.7 |      23 |       1 |   4.2
        D:4 |     247 |     685 |  73.5 |      10 |      15 |  60.0
        D:5 |      98 |      30 |  23.4 |       4 |       5 |  55.6
            +---------+---------+-------+---------+---------+-------
